[Event "87th Tata Steel Challengers 2025"]
[Site "Wijk aan Zee"]
[Date "2025.01.29"]
[Round "10.1"]
[White "Gurel, Ediz"]
[Black "Lu, Miaoyi"]
[Result "1/2-1/2"]
[Annotator "TA"]
[ECO "C65"]
[WhiteElo "2624"]
[BlackElo "2429"]
[PlyCount "78"]
[EventDate "2025.01.13"]
[EventType "tourn"]
[EventCountry "NED"]
[SourceTitle "playchess.com"]
[Source "ChessBase"]
[SourceQuality "1"]
[TimeControl "40/6000+30:20/3000+30:900+30"]

1. e4 e5 2. Nf3 Nc6 3. Bb5 Nf6 4. d3 Bc5 5. Bxc6 dxc6 6. Nbd2 {[%emt 0:00:13][%cal Oe1g1] C65: Ruy Lopez: Berlin Defence (3...Nf6), unusual lines and 4 0-0 Bc5.} (6. Nxe5 $2 Qd4 7. Be3 Qxe5 $19) 6... Nd7 7. Nc4 f6 $1 {[%emt 0:00:06] 7...f6 is better than 7...0-0.} 8. a4 a5 9. O-O O-O 10. Be3 Bxe3 11. Nxe3 Nc5 12. Nh4 $146 (12. Kh1 Ne6 13. Ng1 Nd4 14. f4 exf4 15. Rxf4 Be6 16. Qh5 Qd7 17. Rf2 b6 18. Nh3 Bxh3 19. gxh3 f5 20. Nxf5 Nxf5 {½-½ Mikhalchuk,V (2449)-Rudenko,V (2381) Champion's League 17/Champ email 2015 [3]}) 12... g6 13. Nf3 Ne6 14. Kh1 b6 15. Ng1 c5 16. Ne2 c6 17. b3 Ra7 18. f4 exf4 19. Nxf4 Nxf4 20. Rxf4 Qd4 21. Qg1 Be6 22. Raf1 b5 23. Qf2 Raf7 24. Qg3 {[%emt 0:01:15] [#]} Qe5 25. Nf5 Rb7 26. Ne3 {[%emt 0:03:01][%cal Of4f6] Rxf6! would now be deadly.} Kg7 27. h4 (27. Nf5+ $11 Kh8 28. Ne3) 27... bxa4 $1 $15 28. bxa4 Rb4 29. Ng4 Bxg4 {Successful Defense Black} 30. Qxg4 Rf7 {[%emt 0:06:57] Inhibits Qd7.} ({Black should play} 30... Rxa4 $15 31. Rf5 (31. Qd7+ $2 Rf7 $17) 31... Qd4) 31. Rf5 $36 {[%emt 0:02:17][%mdl 2048] White is pushing.} Qd4 32. R5f4 Qe5 33. Rf5 {[%emt 0:00:09] Counterplay Black} Qc3 34. Qg3 (34. h5 $11) 34... Rxa4 (34... Qxc2 35. Rxf6 (35. e5 Qxa4 36. d4 Qb3 $11) 35... Rxf6 36. Qe5 $18) (34... Rxe4 $17 35. Qf2 Rxa4 36. Rxc5 Rxh4+ 37. Kg1 Qb4 38. Rxc6 f5) 35. e5 {[%emt 0:00:56] The position is equal.} Ra1 {[%emt 0:00:10] [#] aiming for ...Rxf1+.} 36. exf6+ Rxf6 37. Qc7+ Kh6 38. Qf4+ Kg7 39. Qc7+ (39. Rxf6 $2 {too greedy.} Rxf1+ 40. Qxf1 Qxf6 $19) 39... Kh6 {[%emt 0:00:02] Weighted Error Value: White=0.14 (very precise) /Black=0.10 (very precise)   Mistake:       	White=2     	Black=2      OK:         	White=13    	Black=12     Best:        	White=2     	Black=5      Strong:       	---       	Black=1} 1/2-1/2

[Event "87th Tata Steel Challengers 2025"]
[Site "Wijk aan Zee"]
[Date "2025.01.29"]
[Round "10.2"]
[White "Suleymanli, Aydin"]
[Black "Nogerbek, Kazybek"]
[Result "1-0"]
[Annotator "TA"]
[ECO "C55"]
[WhiteElo "2623"]
[BlackElo "2514"]
[PlyCount "155"]
[EventDate "2025.01.13"]
[EventType "tourn"]
[EventCountry "NED"]
[SourceTitle "playchess.com"]
[Source "ChessBase"]
[SourceQuality "1"]
[TimeControl "40/6000+30:20/3000+30:900+30"]

1. e4 e5 2. Nf3 Nc6 3. Bc4 Nf6 4. d3 Be7 5. O-O O-O 6. Re1 d6 7. a4 Be6 8. Nbd2 Bxc4 {[%emt 0:00:10] C55: Two Knights: 4 d3, 4 d4 exd4 5 e5 and Max Lange Attack.} 9. Nxc4 h6 10. c3 Re8 {[%emt 0:07:55] White is slightly better.} 11. b4 Bf8 {[%emt 0:02:09] 11...Bf8 is the recent fashion.} 12. b5 Nb8 $146 (12... Ne7 13. Ne3 d5 14. Nxe5 dxe4 15. d4 Ned5 16. Qb3 Bd6 17. N3c4 Qc8 18. Ba3 Qe6 {0-1 Sethuraman,S (2570)-Sargissian,G (2646) Julius Baer GenCup Pl/In rapid 2024 (8)}) 13. Qb3 a5 14. Ba3 Re6 15. Ncd2 {[%emt 0:08:53] White is much more active.} Nbd7 16. d4 Nh7 17. h4 Nhf6 18. g3 Ng4 19. Kg2 Ndf6 20. Qd1 Nd7 $1 21. Qb3 Ndf6 22. Qd1 Nd7 $1 23. Ra2 Re8 24. Qb3 Ndf6 25. Rc2 Nh5 26. Nf1 Qd7 27. Rce2 Re6 $1 28. dxe5 Rg6 29. Bc1 $36 {[%emt 0:03:06][%mdl 2048] Dodges Nf4+. White is pushing.} Nxe5 {[%emt 0:01:46] ...Nd3 is the strong threat.} 30. c4 Qe7 31. N1h2 Re8 32. Kh1 (32. Nd4 {keeps more tension.} c6 33. Nhf3 cxb5 34. cxb5 Qd7 35. Bd2) 32... Qe6 33. Nxe5 dxe5 34. Qf3 Nf6 (34... Qxc4 $1 $14 35. Qxh5 Qxa4) 35. h5 $16 Nxh5 36. Qxh5 Qxc4 37. Rb2 Qxa4 38. Qe2 $1 Bb4 39. Rd1 (39. Bd2 $142 $1) 39... Rb6 40. Rd5 c6 41. bxc6 Rxc6 42. Be3 Rd6 43. Qb5 Qxb5 44. Rxb5 Rc6 45. Kg2 (45. Rxb7 Ra8 46. Nf3 Bd6) 45... Rc4 (45... b6 $16 46. Ra2 (46. Rxb6 Rxb6 47. Bxb6 f6 $16) (46. Bxb6 Rb8 $17) 46... f6 47. Rxb6 (47. Bxb6 $2 Rb8 $19) 47... Rxb6 48. Bxb6 h5) 46. Kf3 $18 h5 47. Nf1 Re6 48. Nd2 Bxd2 49. Bxd2 b6 50. Rxb6 Rxb6 51. Rxb6 {[%emt 0:00:00][%mdl 4096] Endgame KRB-KR} a4 52. Ra6 f6 53. Ke3 Kf7 54. Ra7+ Kg8 55. Rd7 (55. Ra8+ $18 {is more deadly.} Kf7 56. Ra7+ Kg8 57. Ra8+) 55... Rc6 {[%emt 0:00:00] [#]} (55... Rc8 $16) 56. Rd3 ({White should try} 56. Rd8+ $1 $18 Kf7 57. Ra8) 56... Ra6 $16 57. Ra3 g5 58. f4 exf4+ 59. gxf4 gxf4+ (59... Kf7 $16 60. f5 Ra8) 60. Kxf4 $18 Kf7 61. Kf5 h4 $2 (61... Rd6 $16) 62. Bb4 Ra7 63. Be1 Ra6 $2 (63... Ra8 64. Bxh4 Ra5+ 65. Kf4 Kg6) 64. Bb4 (64. Bxh4 $142 Ra5+ 65. Kf4) 64... Ra7 $1 65. Be1 $2 (65. Bc3) 65... Ra6 $1 66. Bxh4 Ra5+ 67. Kf4 Ke6 {[%emt 0:00:08] [#]} 68. Be1 $1 Ra8 69. Bc3 Ra6 $2 (69... Ra7 70. Bd4 Ra8) 70. Bb4 Ra7 71. Rd3 Ra6 {[%emt 0:00:06] Against Rd6+} 72. Ba3 Rb6 73. Rd4 {[%emt 0:00:34][%cal Od4b4] Rb4! is the strong threat.} Ra6 (73... Rb1 $142 74. Rxa4 Rf1+ 75. Ke3 Re1+ 76. Kd2 Rb1) 74. Rc4 Kf7 75. Kf5 {[%emt 0:00:14] White wants to mate with Rc8.} Ra5+ 76. Rc5 Ra7 77. Rb5 Kg7 78. Bb2 {[%emt 0:00:09] Weighted Error Value: White=0.15 (very precise) /Black=0.14 (very precise)   Loses game:     	---       	Black=1      Mistake:       	White=4     	Black=6      Inaccurate:     	White=3     	Black=8      OK:         	White=15    	Black=20     Best:        	White=7     	Black=1      Strong:       	White=1     	Black=5} 1-0

[Event "87th Tata Steel Challengers 2025"]
[Site "Wijk aan Zee"]
[Date "2025.01.29"]
[Round "10.3"]
[White "Yakubboev, Nodirbek"]
[Black "Bok, Benjamin"]
[Result "1/2-1/2"]
[Annotator "TA"]
[ECO "C54"]
[WhiteElo "2659"]
[BlackElo "2583"]
[PlyCount "60"]
[EventDate "2025.01.13"]
[EventType "tourn"]
[EventCountry "NED"]
[SourceTitle "playchess.com"]
[Source "ChessBase"]
[SourceQuality "1"]
[TimeControl "40/6000+30:20/3000+30:900+30"]

1. e4 e5 2. Nf3 Nc6 3. Bc4 Bc5 4. c3 Nf6 5. d3 d6 6. Bg5 h6 7. Bh4 a5 {[%emt 0:00:38] C54: Giuoco Piano: 4 c3 Nf6, main lines with 5 d4 and 5 d3.} 8. Nbd2 Ba7 9. a4 Qe7 {[%emt 0:00:57] The position is equal.} 10. O-O g5 11. Bg3 Nd7 {[%emt 0:02:09] [#]} 12. d4 $146 (12. Bb5 h5 13. h4 g4 14. Ne1 Nf8 15. d4 Bd7 16. Nc2 exd4 17. Bxc6 bxc6 18. Nxd4 {0-1 Zemlyanskii,I (2495)-Robson,R (2645) Wch Rapid New York 2024 (3)}) 12... h5 $11 13. h4 ({Better is} 13. h3 $11) 13... g4 $1 $15 14. Ne1 (14. Ng5 Nd8 $11) 14... exd4 15. Nd3 dxc3 16. bxc3 Nce5 17. Nf4 c6 18. Ba2 (18. Rb1 $15) 18... Nc5 $17 {[%emt 0:00:12] Black is better.} 19. Nc4 Nxc4 20. Bxc4 Nxe4 (20... Qxe4 $2 21. Re1 Rh6 22. Qd4 $18 (22. Rxe4+ Nxe4 23. Qe1 Bf5 $18)) 21. Re1 {[%emt 0:00:06][%cal Oe1e4] Black must now prevent Rxe4!.} Bf5 22. Nd5 cxd5 23. Qxd5 Bg6 {[%emt 0:04:21] and ...0-0 would now be decisive} 24. Bd3 f5 25. Bxd6 Bxf2+ (25... Qxh4 26. Bb5+ (26. Qxa5 $2 Bxf2+ 27. Kf1 Rxa5 $19) 26... Kd8 27. Be5+ (27. Qxb7 $2 Qxf2+ 28. Kh1 Qh4+ 29. Bh2 Ng3#) (27. Bg3+ Ke7 28. Qe5+ Kf8 29. Qxh8+ Ke7 30. Bxh4+ Kd6 31. Rad1+ Bd4 32. Rxd4+ Kc5 33. Qxa8 Nxc3 34. Rc4+ Kd6 35. Qd8#) 27... Ke7 28. Qd7+ Kf8 29. Qg7#) 26. Kf1 {[%emt 0:00:01] [#]} O-O-O $1 ({Stronger than} 26... Qxh4 27. Bb5+ Kd8 28. Be5+ (28. Bg3+ Ke7 $18) 28... Ke7 29. Qd7+ Kf8 30. Qg7#) (26... Qd7 $2 27. Rxe4+ (27. Qe5+ Kd8 $18) 27... fxe4 28. Qe5+ (28. Bb5 O-O-O $18) 28... Kd8 29. Bb5 $18 (29. Qxh8+ Be8 $18)) 27. Bxe4 {[%emt 0:00:35] White wants to mate with Qc4+.} (27. Qc4+ $2 Bc5 $19) 27... Rxd6 28. Bxf5+ Kb8 ({Not} 28... Kd8 $2 29. Qxa5+ Ke8 30. Rxe7+ Kxe7 31. Qc7+ (31. Kxf2 Rf6 $18) 31... Ke8 32. Qxd6 $18) 29. Rxe7 Rxd5 30. Bxg6 Bxh4 {[%emt 0:01:10] Black took control after the opening.   Weighted Error Value: White=0.13 (very precise) /Black=0.03 (flawless)   Mistake:       	White=3     	---        Inaccurate:     	---       	Black=1      OK:         	White=9     	Black=12     Best:        	White=3     	Black=5      Strong:       	---       	Black=2} 1/2-1/2

[Event "87th Tata Steel Challengers 2025"]
[Site "Wijk aan Zee"]
[Date "2025.01.29"]
[Round "10.4"]
[White "Nguyen, Thai Dai Van"]
[Black "Vaishali, Rameshbabu"]
[Result "1-0"]
[Annotator "TA"]
[ECO "A13"]
[WhiteElo "2668"]
[BlackElo "2476"]
[PlyCount "151"]
[EventDate "2025.01.13"]
[EventType "tourn"]
[EventCountry "NED"]
[SourceTitle "playchess.com"]
[Source "ChessBase"]
[SourceQuality "1"]
[TimeControl "40/6000+30:20/3000+30:900+30"]

1. c4 e6 2. g3 d5 3. Bg2 d4 4. Nf3 Nc6 5. O-O Bc5 6. d3 {[%emt 0:01:31] A13: English Opening: 1...e6.} Nf6 7. Nbd2 O-O {[%emt 0:00:37] The main line 7...0-0 scores better than 7...a5.} 8. Nb3 {[%emt 0:01:44] The position is equal.} Be7 9. e3 dxe3 10. Bxe3 Ng4 11. Bc5 Bxc5 12. Nxc5 b6 13. Ne4 $5 {[%emt 0:11:49][%mdl 4] A promising side line.} Bb7 14. d4 Rb8 15. Re1 Nf6 16. Nc3 Ne7 17. Ne5 Bxg2 18. Kxg2 a6 $146 (18... c6 19. b3 Qc7 20. Qe2 Rfd8 21. Rad1 Nf5 22. Nf3 b5 23. c5 b4 24. Na4 Rd5 {1-0 Giri,A (2760)-Lupulescu,C (2581) Julius Baer Rapid Div 3 W 2023 (2.1)}) 19. Qd3 b5 20. b3 bxc4 21. Qxc4 Qd6 22. Rad1 Rfd8 23. Kg1 Rb4 24. Qe2 (24. Qc5 Kf8) 24... h6 (24... Rxd4 $2 25. Rxd4 Qxd4 26. Rd1 $18) 25. Qc2 {[%emt 0:05:16] Dodges Nf5} c6 (25... Rxd4 $2 26. Rxd4 Qxd4 27. Rd1 $18) 26. Nc4 Qb8 27. Na4 Nf5 28. Qc3 Nd5 29. Qc1 Rc8 30. Nc5 Qa7 (30... a5 {feels hotter.} 31. g4 Nh4 32. Rd3 Qf4) 31. a3 Rbb8 32. b4 Rd8 33. Na5 Rbc8 34. Rd3 Nde7 35. Qc4 Rd5 36. Red1 Rcd8 37. Kg2 (37. Nxa6 $2 Nd6 38. Nxc6 Nxc6 39. Qxc6 Rc8 $19) 37... h5 38. Nab3 {[%emt 0:01:57][%csl Oa6] White attacks a weakness} Ra8 39. Rc1 Qb6 40. Na5 Nd6 41. Qc2 Ndf5 42. Rcd1 Rad8 43. Qc4 (43. Nc4 $14 Qa7 44. Qc3) 43... Ra8 44. Na4 Qc7 45. Rc1 Rd6 46. Nc5 Qb6 47. h4 Qa7 48. Re1 Rd5 49. Re5 Qb6 50. Rd2 Qb5 51. Qc3 Rad8 52. Nab3 R8d6 53. Rd3 Qb6 54. Qd2 Ng6 55. Re4 Qb5 ({Black should play} 55... Rd8 $14) 56. Kg1 (56. Na5 $16) 56... Rd8 $11 57. Qd1 Nd6 58. Re2 Nf5 (58... Nc4 $1 $15) 59. Red2 $14 Nd6 60. Rc2 Nf5 61. Rdd2 (61. Qxh5 Nxg3 (61... Nxd4 62. Rxd4 Rxd4 63. Nxd4 $14) 62. Qg4 Nf5 $17) 61... Nd6 {[%emt 0:15:45] Wards off Ne4} 62. Na5 Nf5 63. Nab3 (63. Qxh5 $2 Nxg3 (63... Rxd4 64. Nab3 $11) (63... Nxd4 $2 64. Rxd4 Rxd4 65. Qe2 $19) 64. Qg4 Nf5 $19) 63... Nd6 $1 64. Qf1 {[%emt 0:00:43] Prevents Nc4} Ra8 65. Na5 Nf5 66. Nab3 Nge7 (66... Nd6 $11) 67. Qd1 Rad8 68. Rc3 (68. Qxh5 $2 Ne3 (68... Nxd4 69. Nxd4 Rxd4 70. Qg5 $16) 69. Qf3 Nxc2 70. Rxc2 Nf5 $19) 68... Ng6 (68... Nd6 $14) 69. Ne4 $16 ({Inferior is} 69. Qxh5 Nxg3 (69... Nxd4 70. Rxd4 Rxh5 71. Rxd8+ Kh7 72. Nd4 $11) 70. Qg4 Nh5 $17 (70... Qf1+ 71. Kh2 $11)) 69... Qb6 (69... Nd6 $16 70. Rc5 Qa4) 70. Ng5 $18 (70. Qxh5 Nxg3 (70... Nxd4 71. Ng5 $16) 71. Qg4 Nxe4 72. Qxe4 R8d6 $16) 70... Nxd4 (70... R8d7 $142 71. Qxh5 Nf8) 71. Nxd4 ({Not} 71. Qxh5 Nxb3 72. Rxd5 Rxd5 $16) 71... Rxd4 72. Rxd4 Rxd4 73. Qxh5 {[%emt 0:00:11] [#] Black must now prevent Rf3.} Rd2 $2 (73... Rd5 74. Qh7+ Kf8) 74. Rf3 Ne5 75. Rxf7 Rd1+ 76. Kg2 {[%emt 0:00:24] Weighted Error Value: White=0.10 (very precise) /Black=0.09 (flawless)   Mistake:       	White=2     	Black=7      Inaccurate:     	White=4     	Black=5      OK:         	White=20    	Black=22     Best:        	White=5     	Black=1      Strong:       	---       	Black=1} 1-0

[Event "87th Tata Steel Challengers 2025"]
[Site "Wijk aan Zee"]
[Date "2025.01.29"]
[Round "10.5"]
[White "L'Ami, Erwin"]
[Black "Oro, Faustino"]
[Result "1-0"]
[Annotator "TA"]
[ECO "A14"]
[WhiteElo "2614"]
[BlackElo "2447"]
[PlyCount "105"]
[EventDate "2025.01.13"]
[EventType "tourn"]
[EventCountry "NED"]
[SourceTitle "playchess.com"]
[Source "ChessBase"]
[SourceQuality "1"]
[TimeControl "40/6000+30:20/3000+30:900+30"]

1. Nf3 Nf6 2. c4 e6 3. g3 d5 4. Bg2 Be7 5. O-O O-O 6. b3 d4 7. e3 c5 8. exd4 cxd4 9. d3 Nc6 {[%emt 0:01:50] The position is equal.} 10. Re1 Re8 11. Ne5 Nxe5 12. Rxe5 Nd7 13. Re1 Bf8 14. Nd2 e5 15. Rb1 a5 16. a3 Rb8 17. b4 axb4 18. axb4 b6 19. Ne4 Nf6 (19... Bb7 $11) 20. Bg5 $14 Be7 21. Bxf6 Bxf6 22. c5 Be7 23. c6 Be6 24. b5 Ra8 25. h4 h6 26. Qh5 Qc7 {[%emt 0:02:54] [#]} (26... Bf8 $142) 27. Nd2 $1 $16 Bd6 28. Ne4 (28. Nc4 $16) 28... Bf8 (28... Be7 $1 $11) 29. Ra1 (29. g4 $5) 29... Red8 (29... f5 $14) 30. Qe2 {[%emt 0:01:33] White is more active.} Ba3 31. Nd2 Bb4 32. Reb1 {[%emt 0:02:30] [#] Rxa8 would now be deadly.} (32. Qxe5 $2 Qxe5 33. Rxe5 Rxa1+ $19) 32... Ra5 33. Qd1 Bc3 (33... Rxb5 $2 34. Qa4 Bxd2 35. Rxb5 $18 (35. Qxb5 Ba5 $16)) ({Black should play} 33... Qe7) 34. Rxa5 Bxa5 35. Ra1 Bb4 36. Ra4 Qe7 37. Qc2 Bxd2 38. Qxd2 Qc5 {[%emt 0:00:00] Inhibits Qc1.} 39. Qb4 (39. Qb2 $16) 39... Qc1+ $11 40. Kh2 Qc2 $1 41. Qe7 Rc8 42. Ra7 $36 {[%emt 0:05:09][%cal Oa7d7][%mdl 2048] Black must now prevent Rd7! White is pushing.} Qxf2 43. Qd6 {[%emt 0:02:17] Against Bd5} e4 $1 44. dxe4 Bc4 {[%emt 0:06:37][%cal Oc4f1] ( -> ...Bf1!)} 45. e5 {[%emt 0:03:22] Rd7 is the strong threat.} Bxb5 $2 {[%emt 0:03:44] Loses the game.} ({Better is} 45... Kh7 $14) 46. e6 $18 ({Inferior is} 46. c7 Bf1 47. Qd5 (47. Qd8+ $2 Kh7 $19) 47... Bxg2 48. Qxg2 Qxg2+ 49. Kxg2 Kf8 $15) 46... Bf1 $2 (46... Bxc6 47. exf7+ Kh8 48. Qxc6 Rxc6 49. Ra8+ Kh7) 47. exf7+ Kh7 48. Qd5 Bxg2 49. Qxg2 Qf5 50. Re7 {[%emt 0:02:16] Threatening mate with Re8.} Rf8 51. c7 {[%emt 0:01:58] White mates.} d3 52. Re8 Qxf7 53. Qe4+ {[%emt 0:00:29] Weighted Error Value: White=0.14 (very precise) /Black=0.36.  Loses game:     	---       	Black=1      Mistake:       	White=2     	Black=6      Inaccurate:     	White=4     	Black=6      OK:         	White=15    	Black=15     Best:        	White=5     	Black=2      Strong:       	---       	Black=2} (53. c8=R $2 {perishes.} Rxe8 54. Rxe8 Qxe8 $19) 1-0

[Event "87th Tata Steel Challengers 2025"]
[Site "Wijk aan Zee"]
[Date "2025.01.29"]
[Round "10.6"]
[White "Deshmukh, Divya"]
[Black "Svane, Frederik"]
[Result "0-1"]
[Annotator "TA"]
[ECO "E60"]
[WhiteElo "2490"]
[BlackElo "2664"]
[PlyCount "136"]
[EventDate "2025.01.13"]
[EventType "tourn"]
[EventCountry "NED"]
[SourceTitle "playchess.com"]
[Source "ChessBase"]
[SourceQuality "1"]
[TimeControl "40/6000+30:20/3000+30:900+30"]

1. d4 Nf6 2. c4 g6 3. g3 c5 4. dxc5 Bg7 5. Bg2 Qa5+ 6. Nc3 {[%emt 0:03:05] E60: King's Indian: Unusual lines and Fianchetto Variation without Nc3.} Qxc5 7. Qa4 {[%emt 0:25:34] 7.Qa4 has lost popularity.} Ng4 8. Ne4 {[%emt 0:03:11] The position is equal.} Qc6 $146 (8... Qf5 9. Nh3 Nc6 10. Nf4 Qa5+ 11. Qxa5 Nxa5 12. Nd5 Rb8 13. Bg5 f6 14. Bf4 Ne5 {0-1 Kunsztowicz,U (2300)-Bokelbrink,U (2265) Oberliga Nord N 9899 1998}) 9. Qxc6 dxc6 10. Nf3 Na6 11. Rb1 Bf5 12. Nh4 Bxe4 13. Bxe4 O-O-O 14. O-O Nc5 15. Bc2 Ne6 16. Nf3 Ne5 17. Nxe5 Bxe5 18. Be3 Bd4 19. Bc1 h5 20. h4 Rd7 21. b4 Rhd8 22. Kg2 {[%emt 0:07:25] Not much happening anymore} Kb8 23. c5 Nc7 24. Bf4 Kc8 25. Bb3 {[%emt 0:05:09] This pair of bishops is nice.} e6 26. Bc4 Bf6 27. Rfc1 Nd5 28. Bxd5 ({White should try} 28. Bh6 $14) 28... Rxd5 $11 29. a4 Be5 30. Bxe5 Rxe5 {[%emt 0:00:02][%mdl 4096] Endgame KRR-KRR} 31. Rb2 Red5 32. Rcc2 {[%emt 0:00:30] Inhibits Rd2.} Kc7 33. Kf3 Rd1 34. b5 R8d7 35. b6+ Kb8 36. a5 {[%emt 0:00:09] [#]} (36. Ke3 $15) 36... a6 $1 $17 37. Ra2 Kc8 38. e3 Kd8 39. Ra4 (39. Kf4 $17) 39... Ke7 $19 40. g4 hxg4+ 41. Kxg4 R7d2 42. Raa2 (42. Rxd2 $17 Rxd2 43. f4) 42... Rg1+ 43. Kf4 Rxc2 44. Rxc2 {[%emt 0:00:00] KR-KR} Ra1 45. f3 Rxa5 46. e4 Rb5 47. Ke5 (47. Kg5 $142) 47... Rb4 48. Rc1 a5 49. Kf4 a4 50. Kg5 (50. Ra1 {might work better.}) 50... a3 51. Ra1 Ra4 52. e5 $2 (52. Ra2) 52... a2 53. f4 Kf8 {[%emt 0:00:00] [#]} 54. h5 gxh5 55. Kxh5 Kg7 (55... Rxf4 $2 56. Rxa2 Rf5+ 57. Kh6 Rxe5 58. Ra8+ Ke7 59. Rb8 Rxc5 60. Rxb7+ Kd6 61. Rxf7 $19) 56. Rg1+ Kf8 57. Ra1 Ke7 (57... Rxf4 $2 58. Rxa2 Rf5+ 59. Kh6 Rxe5 60. Ra8+ Ke7 61. Rb8 Rxc5 62. Rxb7+ Kd6 63. Rxf7 $19) 58. Kg5 Ra3 59. Kh5 f6 60. Kg6 Rg3+ 61. Kh5 Ra3 $2 (61... Rg2 62. Kh4 Kf7) 62. Kg6 Rg3+ $2 (62... f5 63. Kg7 Rg3+ 64. Kh6 Rg2) 63. Kh5 $1 Rg2 {[%emt 0:00:02] Black is clearly winning.} 64. Kh4 Kf7 {[%emt 0:00:15] aiming for ...fxe5.} 65. Kh3 Rb2 66. Kg4 Kg6 67. f5+ exf5+ 68. Kf4 Rb4+ {[%emt 0:00:20] Weighted Error Value: White=0.33/Black=0.23 (precise)   Mistake:       	White=7     	---        Inaccurate:     	White=2     	Black=3      OK:         	White=16    	Black=21     Best:        	White=1     	Black=2      Strong:       	White=1     	Black=1} 0-1

[Event "87th Tata Steel Challengers 2025"]
[Site "Wijk aan Zee"]
[Date "2025.01.29"]
[Round "10.7"]
[White "Pijpers, Arthur"]
[Black "Bulmaga, Irina"]
[Result "1-0"]
[Annotator "TA"]
[ECO "C65"]
[WhiteElo "2474"]
[BlackElo "2386"]
[PlyCount "77"]
[EventDate "2025.01.13"]
[EventType "tourn"]
[EventCountry "NED"]
[SourceTitle "playchess.com"]
[Source "ChessBase"]
[SourceQuality "1"]
[TimeControl "40/6000+30:20/3000+30:900+30"]

1. e4 e5 2. Nf3 Nc6 3. Bb5 Nf6 4. d3 Bc5 5. Nbd2 O-O 6. Bxc6 {[%emt 0:00:04] C65: Ruy Lopez: Berlin Defence (3...Nf6), unusual lines and 4 0-0 Bc5.} dxc6 7. Nc4 Nd7 8. Ne3 {[%emt 0:00:06] White has an edge.} (8. Ncxe5 Nxe5 9. Nxe5 Qd4 $19) 8... Re8 9. g4 Bxe3 10. Bxe3 Nf8 11. Rg1 b6 $146 (11... Qd6 12. Qd2 a5 13. Nh4 Ne6 14. Nf5 Qb4 15. c3 Qb5 16. O-O-O c5 17. f4 exf4 18. Bxf4 {½-½ Narayanan,S (2611)-Anton Guijarro,D (2674) FIDE World Cup 2019 (1.3)}) 12. Qd2 a5 13. O-O-O c5 14. g5 Qd6 15. Qc3 a4 16. h4 {[%emt 0:03:12][%cal Bh2h4,Bh4h5,Bh5h6][%mdl 32] Black is now going downhill.} Bb7 17. h5 Qe6 18. h6 g6 19. Kb1 Nd7 20. Nh2 Qc6 (20... Qd6 $16 21. f4 b5) 21. Ng4 $18 b5 22. f4 b4 23. Qd2 {[%emt 0:00:18] White has more active pieces.} exf4 24. Bxf4 Qb6 (24... f6 $16 25. Rdf1 (25. gxf6 Kf7 $18) 25... fxg5) 25. Be3 Qe6 $2 {[%emt 0:06:43] [#]} (25... Re7 26. Rgf1 Qc6) 26. Bxc5 $1 Nxc5 27. Qxb4 Qb6 (27... Nd7 28. Qxb7 a3) 28. Nf6+ {[%emt 0:00:53][%cal Bg4f6,Bf6e8,Be8c7][%mdl 32] White is clearly winning.} Kh8 29. Qc3 Qa5 30. Qxa5 (30. Nxe8+ Qxc3 31. bxc3 Rxe8 $11) 30... Rxa5 31. Nxe8 Ne6 32. Rdf1 Nxg5 33. Nxc7 {[%emt 0:00:27] [#] Threatens to win with Rf6.} Kg8 34. c4 Re5 35. Nb5 Bc6 36. Nd6 Re6 37. Rxg5 Rxd6 38. Kc2 f6 39. e5 {[%emt 0:00:42] Weighted Error Value: White=0.12 (very precise) /Black=0.54  Mistake:       	---       	Black=4      Inaccurate:     	White=2     	Black=5      OK:         	White=11    	Black=6      Best:        	White=1     	---} 1-0